 Dungeon Crawl Stone Soup version 0.31-a0-940-gdaa99269f9 (webtiles) character file.

Game seed: 6771577223483336408

158 kae the Chopper (level 5, -1/45 HPs)
             Began as a Hill Orc Fighter on Oct 20, 2023.
             Splashed by a jelly's acid (5 damage)
             ... on level 3 of the Dungeon.
             The game lasted 00:01:10 (2281 turns).

kae the Chopper (Hill Orc Fighter)                  Turns: 2281, Time: 00:01:11

Health: -1/45      AC: -3    Str: 21    XL:     5   Next: 39%
Magic:  5/5        EV:  9    Int:  8    God:
Gold:   60         SH:  4    Dex: 10    Spells: 4/4 levels left

rFire   . . .        a - +0 war axe
rCold   . . .        c - +0 buckler
rNeg    . . .        b - +0 scale mail
rPois   .            (no helmet)
rElec   .            (no cloak)
rCorr   .            (no gloves)
SInv    .            o - +0 pair of boots
Will    .....        (no amulet) Stlth
                     O - +4 ring of protection
HPRegen 0.27/turn    (no ring)
MPRegen 0.09/turn

%: no passive effects
@: corroded
A: no striking features
a: no special abilities


You were on level 3 of the Dungeon.
You visited 1 branch of the dungeon, and saw 3 of its levels.

You collected 60 gold pieces.


   Skills:
 - Level 3.6 Fighting
 + Level 7.2 Axes
 - Level 3.2 Armour
 - Level 3.2 Shields


You had 4 spell levels left.
You didn't know any spells.
Your spell library contained the following spells:

 Spells                   Type           Power      Damage    Failure   Level
 Summon Small Mammal      Summ           0%         N/A       82%         1
 Call Canine Familiar     Summ           0%         N/A       99%         3
 Summon Guardian Golem    Hex/Summ       0%         N/A       99%         3

Inventory:

Hand Weapons
 a - a +0 war axe (weapon)
Missiles
 i - 23 stones
Armour
 b - a +0 scale mail (worn)
 c - a +0 buckler (worn)
 o - a +0 pair of boots (worn)
   (You found it on level 2 of the Dungeon)
Magical Staves
 g - a staff of earth {!a}
   (You found it on level 1 of the Dungeon)
 k - a staff of cold {!a}
   (You found it on level 1 of the Dungeon)
Jewellery
 O - a +4 ring of protection (left hand)
   (You found it on level 1 of the Dungeon)
Scrolls
 h - 2 scrolls of fear {unknown}
 m - a scroll of poison {unknown}
Potions
 d - a potion of might
 e - a potion of mutation {unknown}
 f - a potion of invisibility {unknown}
 j - a potion of haste {unknown}
 l - 2 potions of brilliance {unknown}
 n - a potion of degeneration {unknown}

Dungeon Overview and Level Annotations

Branches:
Dungeon (3/15) Zot: 15673

Altars:
Okawaru

Shops:
D:3

: ...##... #..##.#
#.....#####
###.......#
#.#.###.####
#..#...#...##
.....#.∩.#....####
.....#...#.##....#
...#..###..###..@#
..>##. ####
#...Jb....# ... #.
#.......... .. #.
..<......... #.
.######...... #
...... #.....
#../#


You could see a jelly and a bat.


Message History

No target in view!
Things that are here:
a +0 spear; a gnoll corpse
Things that are here:
a +0 dagger; a goblin corpse; 😕 HP[+1]
There is a stone staircase leading up here.
Things that are here:
a +0 mace; a +0 scale mail; an orc corpse You start resting.
A hobgoblin comes into view. 😕 HP[+3]
You regained 3 hp, and now have 42/45 hp.
A hobgoblin is nearby!
Things that are here:
a +0 dagger; a goblin corpse
Things that are here:
a +0 spear; a gnoll corpse A hobgoblin is nearby! 😕 HP[+1]
The hobgoblin barely misses you.
You slash the hobgoblin!
You kill the hobgoblin!
You now have 60 gold pieces (gained 19).
You see here a hobgoblin corpse.
Items here: )) ††.
You see here a +0 mace.
h - 2 scrolls labelled VEWNOO BUEBASCH (gained 1)
Found Mobaddir's Book Boutique. 😎 HP[+2]
Your hp is fully restored (45).
No target in view!
No target in view!
Found a stone staircase leading down.
There is an entrance to Mobaddir's Book Boutique here.
i - 23 stones (gained 6)
A jelly comes into view.
Found an escape hatch in the ceiling.
A jelly is nearby!
Unknown command.
A jelly is nearby!
A hobgoblin comes into view.
A bat comes into view.
There are monsters nearby!
The jelly misses you.
You hit the jelly but do no damage. The acid corrodes you!
Your hands burn!
The jelly barely misses you. 😕 HP[-5]
You take 5 damage, and now have 40/45 hp.
You hit the jelly but do no damage.
Your hands burn!
The jelly hits you but does no damage.
You hit the jelly but do no damage. The acid corrodes you!
Your hands burn!
You barely miss the hobgoblin. You block the hobgoblin's attack.
The jelly hits you but does no damage. 😕 HP[-3]
You take 3 damage, and now have 37/45 hp.
You hit the jelly but do no damage.
Your hands burn!
You hit the hobgoblin but do no damage.
The hobgoblin hits you but does no damage.
The jelly hits you.
You are splashed with acid!
You are too injured to fight recklessly! 😮 HP[-10]
You take 10 damage, and now have 27/45 hp.
MASSIVE DAMAGE!! (PAUSE)
You hit the hobgoblin. You hit the jelly but do no damage.
The acid corrodes you!
Your hands burn!
The jelly hits you.
You are splashed with acid!
* * * LOW HITPOINT WARNING * * *
You block the hobgoblin's attack. The jelly closely misses you.
The hobgoblin hits you.
* * * LOW HITPOINT WARNING * * *
😨 HP[-11]
You take 11 damage, and now have 16/45 hp.
MASSIVE DAMAGE!! (PAUSE) Unknown command.
Unknown command.
You hit the jelly but do no damage.
Your hands burn!
* * * LOW HITPOINT WARNING * * *
You barely miss the hobgoblin. The hobgoblin hits you.
* * * LOW HITPOINT WARNING * * *
The jelly closely misses you. 😱 HP[-5]
You take 5 damage, and now have 11/45 hp.
Unknown command.
Okay, then.
You hit the jelly. The acid corrodes you!
Your hands burn!
* * * LOW HITPOINT WARNING * * *
You slash the hobgoblin!
You kill the hobgoblin!
You block the jelly's attack. 😱 HP[-4]
You take 4 damage, and now have 7/45 hp.
Unknown command.
You hit the jelly.
Your hands burn!
* * * LOW HITPOINT WARNING * * *
The jelly completely misses you. 😱 HP[-3]
You take 3 damage, and now have 4/45 hp.
Unknown command.
You hit the jelly.
Your hands burn!
You die...

Skill      XL: |  1  2  3  4  5 |
---------------+----------------+-----
Axes           | 3 4 5 6 7 |  7.2
Fighting       | |  3.6
Armour         | |  3.2
Shields        | |  3.2

Action                     |  1- 3 |  4- 6 || total
---------------------------+-------+-------++-------
  Melee: War axe           |    90 |    74 ||   164
    Use: Scroll            |     2 |       ||     2
 Armour: Scale mail        |    54 |    76 ||   130
  Dodge: Dodged            |    42 |    31 ||    73
  Block: Buckler           |    27 |    17 ||    44

Levels and vault maps discovered:
D:1:      onia_arrival_zoo_common, layout_loops_ring,
          hellmonk_ecumenical_altar_zigzags
D:2:      layout_basic, basic_altar
D:3:      layout_rooms, led_xom_imps, serial_shops, nicolae_book_shop_shelving

Notes
Turn   | Place    | Note
-------+----------+-------------------------------------------
     0 | D:1      | kae the Hill Orc Fighter began the quest for the Orb.
     0 | D:1      | Reached XP level 1. HP: 19/19 MP: 1/1
     0 | D:1      | magus.rc [v1.11.3]
     6 | D:1      | Noticed a scorpion
     6 | D:1      | Noticed a wyvern
     7 | D:1      | Noticed a water moccasin
     7 | D:1      | Noticed a polar bear
    25 | D:1      | Reached skill level 3 in Axes
   175 | D:1      | Reached XP level 2. HP: 24/26 MP: 2/2
   265 | D:1      | Found a faded altar of an unknown god.
   277 | D:1      | Reached skill level 4 in Axes
   473 | D:1      | Reached XP level 3. HP: 31/31 MP: 3/3
  1158 | D:2      | Reached skill level 5 in Axes
  1442 | D:2      | Found an iron altar of Okawaru.
  1460 | D:2      | Reached XP level 4. HP: 35/39 MP: 4/4
  1712 | D:2      | You pick up a book of Callings and begin reading...
  1712 | D:2      | You add the spells Summon Small Mammal, Call Canine
                  | Familiar and Summon Guardian Golem to your library.
  2003 | D:3      | Reached skill level 6 in Axes
  2026 | D:3      | Reached XP level 5. HP: 26/45 MP: 5/5
  2048 | D:2      | HP: 11/45 [something (1)]
  2054 | D:2      | Reached skill level 7 in Axes
  2252 | D:3      | Found Mobaddir's Book Boutique.
  2278 | D:3      | HP: 11/45 [hobgoblin (3)]
  2280 | D:3      | HP: 3/45 [acid (4)]
  2281 | D:3      | Splashed by a jelly's acid

Vanquished Creatures
  An orc wizard (D:2)
  4 gnolls (D:3)
  3 adders
  2 dart slugs (D:1)
  3 orcs (D:3)
  3 ball pythons
  A bat (D:1)
  5 endoplasms
  3 giant cockroaches (D:1)
  8 goblins
  5 hobgoblins
  8 jackals
  4 kobolds
  A quokka (D:2)
  3 frilled lizards
  4 rats
58 creatures vanquished.

Table legend:
 A = Non-vault XP
 B = Vault XP
 C = Vault XP percentage of total XP
 D = Non-vault monster count
 E = Vault monster count
 F = Vault count percentage of total count
                 A         B        C        D         E       F
            +---------+---------+-------+---------+---------+-------
      Total |     226 |       0 |   0.0 |      58 |       0 |   0.0
            +---------+---------+-------+---------+---------+-------
        D:1 |      47 |       0 |   0.0 |      24 |       0 |   0.0
        D:2 |      92 |       0 |   0.0 |      21 |       0 |   0.0
        D:3 |      87 |       0 |   0.0 |      13 |       0 |   0.0
            +---------+---------+-------+---------+---------+-------

Skill      XL: |  1  2  3  4  5 |
---------------+----------------+-----
Axes           | 3 4 5 6 7 |  7.2
Fighting       | |  3.6
Armour         | |  3.2
Shields        | |  3.2

Action                     |  1- 3 |  4- 6 || total
---------------------------+-------+-------++-------
  Melee: War axe           |    90 |    74 ||   164
    Use: Scroll            |     2 |       ||     2
 Armour: Scale mail        |    54 |    76 ||   130
  Dodge: Dodged            |    42 |    31 ||    73
  Block: Buckler           |    27 |    17 ||    44

Illustrated notes

Table legend:
 A = Kills in this place as a percentage of kills in the entire game.
 B = Kills by you in this place as a percentage of kills by you in the entire game.
 C = Kills by friends in this place as a percentage of kills by friends in the entire game.
 D = Other kills in this place as a percentage of other kills in the entire game.
 E = Experience gained in this place as a percentage of experience gained in the entire game.
 F = Experience gained in this place divided by the number of levels of this place that you have seen.
                   A       B       C       D       E      F
               +-------+-------+-------+-------+-------+----------------------
         Total | 100.0 | 100.0 |   N/A |   N/A | 100.0 |  75.3
       Dungeon | 100.0 | 100.0 |   N/A |   N/A | 100.0 |  75.3
               +-------+-------+-------+-------+-------+----------------------

Table legend: (Time is in decaauts)
 A = Elapsed time spent in this place.
 B = Non-inter-level travel time spent in this place.
 C = Inter-level travel time spent in this place.
 D = Time resting spent in this place.
 E = Time spent auto-exploring this place.
 F = Levels seen in this place.
 G = Mean time per level.
                   A        B        C        D        E       F      G
               +--------+--------+--------+--------+--------+-----+--------+
         Total |   2326 |   2223 |    103 |    139 |   1699 |   3 |  775.3 |
       Dungeon |   2326 |   2223 |    103 |    139 |   1699 |   3 |  775.3 |
               +--------+--------+--------+--------+--------+-----+--------+

Top non-repeatable levels by time:
     D:1: 1094 daAuts
     D:2: 1083 daAuts
     D:3: 148 daAuts
